 Dungeon Crawl Stone Soup version 0.18-a0-1805-g8ab820f (webtiles) character file.

6 Tarnath the Sneak (level 1, -5/9 HPs)
             Began as a Vine Stalker Enchanter on Apr 25, 2016.
             Slain by a gnoll
             ... wielding a +0 halberd
              (10 damage)
             ... on level 1 of the Dungeon.
             The game lasted 00:00:45 (163 turns).

Tarnath the Sneak (Vine Stalker Enchanter)           Turns: 163, Time: 00:00:46

Health: -5/9       AC:  3    Str: 10    XL:     1   Next: 90%
Magic:  0/4        EV: 12    Int: 15    God:
Gold:   25         SH:  0    Dex: 14    Spells: 1 memorised, 3 levels left

rFire  . . .     SeeInvis .     a - +1 dagger
rCold  . . .     Gourm    .     b - +1 robe
rNeg   . . .     Faith    .     (no shield)
rPois  .         Spirit   +     (no helmet)
rElec  .         Dismiss  .     (no cloak)
rCorr  .         Reflect  .     (no gloves)
SustAt .         Harm     .     (no boots)
MR     .....                    (no amulet)
Stlth  +++.......               (no ring)
                                (no ring)

@: very slightly contaminated, not resistant to hostile enchantments, fairly
stealthy
A: fangs 2, regeneration 1, magic shield, antimagic bite, no device heal 3, rot
immunity
a: no special abilities


You were on level 1 of the Dungeon.
You were not hungry.

You visited 1 branch of the dungeon, and saw 1 of its levels.

You collected 25 gold pieces.

Inventory:

Hand Weapons
 a - a +1 dagger (weapon)
Missiles
 e - 6 needles of sleeping
Armour
 b - a +1 robe (worn)
Potions
 g - a potion of berserk rage {unknown}
Books
 c - a book of Maledictions

   Spells                             Type                      Level
   a - Corona                         Hexes                        1
   b - Ensorcelled Hibernation        Hexes/Ice                    2
   c - Confuse                        Hexes                        3
   d - Tukima's Dance                 Hexes                        3
   e - Dazzling Spray                 Conjuration/Hexes            3
Comestibles
 d - a bread ration
 f - a meat ration


   Skills:
 * Level 1.0 Short Blades
 - Level 1.5 Dodging
 * Level 4.1 Stealth
 - Level 2.1 Spellcasting
 + Level 3.1 Hexes


You had 3 spell levels left.
You knew the following spells:

 Your Spells              Type           Power        Failure   Level  Hunger
a - Corona                Hex            ##.....      8%          1    #......


Dungeon Overview and Level Annotations

Branches:
Dungeon (1/15)

Altars:


Innate Abilities, Weirdness & Mutations

You have extremely sharp teeth.
Your natural rate of healing is unusually fast.
When hurt, damage is shared between your health and your magic reserves.
Your bite disrupts and absorbs the magic of your enemies.
Potions and wands cannot restore your health.
You are immune to rotting.


Message History

You are very lightly contaminated with residual magic.
Your hands glow momentarily.
The gnoll closely misses you.
The gnoll hits you from afar with a halberd.
Casting: Corona
Confirm with . or Enter, or press ? or * to list all spells.
Aiming: Corona
Press: ? - help, Shift-Dir - straight line, f/p - gnoll
Aim: a gnoll, wielding a halberd (chance to defeat MR: 54%)
The gnoll is outlined in light.
The gnoll barely misses you. The gnoll misses you.
You hit the gnoll but do no damage. You bite the gnoll, but do no damage.
The goblin barely misses you.
You hit the gnoll.
The gnoll is lightly wounded.
The gnoll closely misses you. The goblin closely misses you.
You hit the gnoll but do no damage.
The gnoll is lightly wounded.
The gnoll hits you with a halberd!
Ouch! That really hurt!
You die...

##### #.##### ....## ##
########.#...### .....# .#
#......#.#.....# ###.....# .#
#......#.#.....# #.......# .#
#......#.#.....#+#.......## .#
#......#.#................
.###......#.#...@g..........#
.#...............g..........#####
....#######.####.................
....#.............#+#.#....##
....###.###.####.##.#.#....#
....###.# #.# #.##.#.#....#
....'...# #.# #......#....#
....##### #.# ####.#......###
....# .... #.+..........#


You could see a gnoll and a goblin.

Vanquished Creatures
  2 giant geckos (D:1)
  A bat (D:1)
  A giant newt (D:1)
4 creatures vanquished.

Notes
Turn   | Place    | Note
--------------------------------------------------------------
     0 | D:1      | Tarnath the Vine Stalker Enchanter began the quest for the Orb.
     0 | D:1      | Reached XP level 1. HP: 9/9 MP: 4/4
    45 | D:1      | Reached skill level 1 in Short Blades
   111 | D:1      | Reached skill level 4 in Stealth
   163 | D:1      | Slain by a gnoll

Vault maps used:
D:1:      lemuel_arrival_muddy, hex_large

Skill      XL: |  1 |
---------------+----+-----
Short Blades   | 1 |  1.0
Stealth        | 4 |  4.1
Dodging        | |  1.5
Spellcasting   | |  2.1
Hexes          | |  3.1

Action                   || total
-------------------------++-------
Melee: Dagger            ||    17
       Bite              ||     3
 Cast: Corona            ||     3
 Stab: Sleeping          ||     1
Armor: Robe              ||     1
Dodge: Dodged            ||    14
